 Dungeon Crawl Stone Soup version 0.17.1-1-g73c8601 (webtiles) character file.

64540 PossumBlood the Bludgeoner (level 14, -3/141 HPs)
             Began as a Minotaur Fighter on Jan 7, 2016.
             Was the Champion of Trog.
             Slain by an ice devil (25 damage)
             ... summoned by an orc sorcerer
             ... on level 4 of the Orcish Mines.
             The game lasted 01:28:01 (20559 turns).

PossumBlood the Bludgeoner (Minotaur Fighter)      Turns: 20559, Time: 01:28:01

Health: -3/141     AC: 35    Str: 31    XL:     14   Next: 72%
Magic:  13/13      EV:  8    Int:  8    God:    Trog [******]
Gold:   2997       SH:  0    Dex: 10    Spells: 0 memorised, 13 levels left

rFire  + . .     SeeInvis +     Z - +7 dire flail (protect)
rCold  . . .     Clarity  .     e - +5 plate armour {MR+}
rNeg   . . .     SustAt   .     (shield currently unavailable)
rPois  .         Gourm    .     s - +0 hat
rElec  +         Spirit   .     w - +2 cloak "Heum Kio" {Str+5}
rCorr  .         Warding  .     z - +0 pair of gloves
rMut   .         Stasis   .     h - +2 pair of boots
MR     ++...                    (no amulet)
Stlth  ..........               a - +3 ring of dexterity
                                b - ring of Ripnokk {rElec rF+ Int+3 Dex-3 SInv}

@: heavily drained, very resistant to hostile enchantments, extremely unstealthy
A: retaliatory headbutt, horns 2
a: Berserk, Trog's Hand, Brothers in Arms, Burn Spellbooks, Renounce Religion


You were on level 4 of the Orcish Mines.
You worshipped Trog.
Trog was exalted by your worship.
You were not hungry.

You visited 3 branches of the dungeon, and saw 20 of its levels.
You also visited: Sewer and Bailey.

You collected 3066 gold pieces.
You spent 69 gold pieces at shops.

Inventory:

Hand Weapons
 r - a +3 antimagic dire flail
 B - a +3 antimagic demon whip
 K - a +2 flail of crushing
 Q - a +2 antimagic lajatang
 Z - a +7 dire flail of protection (weapon)
Missiles
 j - 61 tomahawks (quivered)
 T - 7 silver tomahawks
Armour
 c - a +0 shield
 e - a +5 plate armour of magic resistance (worn)
 h - a +2 pair of boots (worn)
 s - a +0 hat (worn)
 w - the +2 cloak "Heum Kio" (worn) {Str+5}
   (You found it on level 4 of the Dungeon)

   It affects your strength (+5).
 z - a +0 pair of gloves (worn)
 S - a +2 cloak
Jewellery
 a - a +3 ring of dexterity (right hand)
 b - the ring of Ripnokk (left hand) {rElec rF+ Int+3 Dex-3 SInv}
   (You found it on level 10 of the Dungeon)

   [ring of see invisible]

   It affects your intelligence (+3).
   It affects your dexterity (-3).
   It protects you from fire.
   It insulates you from electricity.
   It lets you see invisible.
 p - an uncursed ring of positive energy
 q - a +4 ring of evasion
 u - an uncursed ring of poison resistance
 y - a cursed -3 ring of evasion
 J - an uncursed amulet of stasis
 V - an uncursed ring of positive energy
Wands
 N - a wand of enslavement (11)
 R - a wand of disintegration (13)
Scrolls
 f - 11 scrolls of teleportation
 g - 3 scrolls of remove curse
 o - 3 scrolls of recharging
 x - 3 scrolls of magic mapping
 C - 5 scrolls of fog
 E - 4 scrolls of blinking
 I - 2 scrolls of fear
Potions
 d - 3 potions of brilliance
 i - a potion of heal wounds
 l - 8 potions of flight
 m - 2 potions of agility
 n - 5 potions of curing
 t - 3 potions of haste
 v - a potion of invisibility
 A - 2 potions of resistance
 D - 3 potions of might
 G - 2 potions of cancellation
 H - a potion of berserk rage
 M - a potion of magic
 O - a potion of lignification {unknown}
 P - a potion of beneficial mutation {unknown}
Miscellaneous
 F - a stone of tremors
 L - a legendary deck of wonders {Dowsing}
Comestibles
 k - a meat ration


   Skills:
 + Level 17.9(15.9) Fighting
 - Level 18.0(16.0) Maces & Flails
 + Level 16.1(14.2) Armour
 - Level 3.6(2.2) Shields


You had 13 spell levels left.
You didn't know any spells.

Dungeon Overview and Level Annotations

Branches:
Dungeon (15/15)            Temple (1/1) D:4            Lair (0/8) D:8
    Orc (4/4) D:11            Elf (0/3) Orc:3        Vaults (0/5) D:14
 Depths (0/5) D:15

Altars:
Ashenzari
Cheibriados
Dithmenos
Elyvilon
Fedhas
Gozag
Kikubaaqudgha
Makhleb
Nemelex Xobeh
Okawaru
Ru
Sif Muna
Trog
Xom
Yredelemnul
Zin
The Shining One
Beogh

Shops:
D:7 *   D:8 *   Orc:2 =


Innate Abilities, Weirdness & Mutations

You reflexively headbutt those who attack you in melee.
You have a pair of horns on your head.


Message History

The sixfirhy shocks you. You resist.
* * * LOW HITPOINT WARNING * * *
The sixfirhy hits you but does no damage. x3
The orc sorcerer hits you but does no damage.
The ice devil hits you.
* * * LOW HITPOINT WARNING * * *
The ice devil freezes you!!
* * * LOW HITPOINT WARNING * * *
The sixfirhy hits you but does no damage.
You can move again.
Drink which item? (? for menu, Esc to quit)
You feel much better. The sixfirhy closely misses you.
The sixfirhy barely misses you. You furiously retaliate!
You headbutt the sixfirhy, but do no damage.
The sixfirhy hits you but does no damage.
The orc sorcerer hits you but does no damage.
The ice devil hits you.
* * * LOW HITPOINT WARNING * * *
The ice devil freezes you!!
You die...

#.# ###.. ## #.... ##≈
###... ##.. #.....
##..8### ## #.....
###....._#≈≈# ##.#..
.......3.#.≈# ###..
...§o.4@.8.≈# ##.
≈§....o)...## #.
#§....)...### ##
#§§§###'#'#§# #. ...
#.....§# #### ..
#..8..≈# ##... .
#§...§≈## #....
###############≈)..§§≈#
##....
≈≈≈§§≈§§§≈§≈§≈≈≈..≈≈≈§#
#.....


You could see an ice devil, a sixfirhy, an orc sorcerer and an orc wizard.

Vanquished Creatures
  Rupert (D:13)
  Maud (Orc:2)
  The ghost of grizfap the Blocker, a journeyman MiFi of Nemelex Xobeh (D:14)
  Snorg (D:10)
  Josephine (Orc:4)
  The ghost of Caphalor the Arsonist, a journeyman GrFE of Vehumet (D:11)
  2 hydras
  3 ogre magi (D:15)
  6 centaur warriors
  3 tengu warriors
  The ghost of Poody the Archer, a novice CeHu of Okawaru (D:9)
  2 orc high priests
  Sonja (D:14)
  Nergalle (Orc:4)
  4 skeletal warriors (D:15)
  5 slime creatures (D:13)
  The ghost of SirMumm the Thaumaturge, a novice DEWz of Vehumet (Bailey)
  2 wizards
  A phantasmal warrior (D:13)
  The ghost of grizfap the Covered, a novice MiFi of Yredelemnul (D:6)
  2 hill giants (D:13)
  5 unseen horrors
  7 orc sorcerers
  2 orc knights
  2 cyclopes
  A necromancer (D:15)
  The ghost of PossumBlood the Basher, a novice MiFi (D:5)
  2 ugly things
  2 manticores (D:13)
  A griffon (D:13)
  A centaur zombie (D:15)
  Maurice (Orc:3)
  Psyche (D:9)
  3 kobold demonologists
  2 gargoyles (D:13)
  2 centaur skeletons
  A naga mage (D:15)
  2 komodo dragons
  6 trolls
  A freezing wraith (D:14)
  A jumping spider (shapeshifter) (D:13)
  4 tengu conjurers
  A komodo dragon (shapeshifter) (D:13)
  Grinder (D:3)
  A hornet zombie (D:15)
  6 two-headed ogres
  A boulder beetle (D:13)
  12 yaks
  4 wraiths (Orc:4)
  2 shadows (D:12)
  4 water elementals
  A centaur simulacrum (D:15)
  A human (D:9)
  A wyvern (D:10)
  2 deep elf magi
  10 vampire mosquitoes
  Grum (D:9)
  11 wargs
  A hungry ghost (D:9)
  3 wolves (D:9)
  Edmund (D:9)
  A steam dragon (D:11)
  A water moccasin (D:13)
  3 ice beasts
  A phantom (D:7)
  Purgy (Sewer)
  3 sky beasts
  3 eyes of draining (D:9)
  25 ogres
  4 black bears
  39 orc warriors
  3 wasps
  12 centaurs
  2 big kobolds
  14 giant frogs
  Blork the orc (D:5)
  2 scorpions (D:10)
  A wyvern skeleton (D:11)
  17 killer bees
  3 wights (D:13)
  An electric eel (D:15)
  7 jellies
  4 crimson imps
  A giant frog zombie (D:12)
  A quasit (D:9)
  10 two-headed ogre zombies (Orc:2)
  A gnoll shaman (D:7)
  7 hounds
  2 iguanas
  6 giant frog skeletons
  48 orc wizards
  27 orc priests
  7 worker ants
  2 sheep (D:9)
  A hound zombie (D:6)
  A worker ant zombie (D:5)
  13 gnolls
  16 adders
  2 shadow imps
  2 oozes
  2 adder zombies
  An adder skeleton (D:4)
  3 worms
  2 giant geckos
  226 orcs
  2 ball pythons
  8 bats
  8 giant cockroaches
  15 goblins
  5 hobgoblins
  15 jackals
  8 quokkas
  A giant cockroach zombie (D:5)
  6 giant newts
  28 kobolds
  A quokka skeleton (D:6)
  A quokka zombie (D:5)
  9 rats
  5 plants (D:4)
794 creatures vanquished.

Vanquished Creatures (others)
  A redback zombie (D:15)
  A troll (D:15)
  A sky beast (D:15)
  An ogre (D:15)
  A jelly (D:15)
  5 plants
10 creatures vanquished.

Grand Total: 804 creatures vanquished

Notes
Turn   | Place    | Note
--------------------------------------------------------------
     0 | D:1      | PossumBlood the Minotaur Fighter began the quest for the Orb.
     0 | D:1      | Reached XP level 1. HP: 19/19 MP: 0/0
   179 | D:1      | Reached XP level 2. HP: 26/26 MP: 1/1
   274 | D:1      | Reached skill level 4 in Maces & Flails
   377 | D:1      | Reached XP level 3. HP: 31/31 MP: 2/2
   433 | D:1      | Found a glowing golden altar of the Shining One.
  1001 | D:2      | Reached skill level 5 in Maces & Flails
  1021 | D:2      | Found a white marble altar of Elyvilon.
  1279 | D:3      | Reached XP level 4. HP: 30/39 MP: 3/3
  1375 | D:3      | Found an ancient bone altar of Kikubaaqudgha.
  1487 | D:3      | Reached skill level 6 in Maces & Flails
  1541 | D:3      | Noticed Grinder
  1545 | D:3      | Paralysed by Grinder for 3 turns
  1573 | D:3      | Killed Grinder
  1573 | D:3      | Reached skill level 8 in Maces & Flails
  1573 | D:3      | Reached XP level 5. HP: 9/45 MP: 4/4
  1573 | D:3      | Reached XP level 6. HP: 10/51 MP: 5/5
  2352 | D:4      | Found a staircase to the Ecumenical Temple.
  2367 | D:4      | Reached skill level 9 in Maces & Flails
  2384 | Temple   | Entered the Ecumenical Temple
  2422 | Temple   | Became a worshipper of Trog the Wrathful
  2499 | D:4      | Reached XP level 7. HP: 43/57 MP: 6/6
  2702 | D:4      | Got a shimmering cloak
  2713 | D:4      | Identified the +2 cloak "Heum Kio" {Str+5} (You found it on level 4 of the Dungeon)
  2835 | D:4      | Reached skill level 10 in Maces & Flails
  2844 | D:4      | Reached * piety under Trog
  3514 | D:5      | Entered Level 5 of the Dungeon
  3548 | D:5      | Noticed PossumBlood's ghost (novice MiFi)
  3572 | D:5      | Killed PossumBlood's ghost
  3572 | D:5      | Reached skill level 11 in Maces & Flails
  3572 | D:5      | Reached XP level 8. HP: 22/64 MP: 7/7
  3584 | D:5      | Found a blossoming altar of Fedhas.
  3618 | D:5      | Noticed Blork the orc
  3624 | D:5      | Killed Blork the orc
  3624 | D:5      | Reached skill level 12 in Maces & Flails
  3774 | D:5      | Found a glowing golden altar of the Shining One.
  3802 | D:5      | Found a glowing drain.
  3813 | Sewer    | Entered a sewer
  3853 | Sewer    | Noticed Purgy
  3874 | Sewer    | Killed Purgy
  3914 | Sewer    | Reached ** piety under Trog
  3914 | Sewer    | Reached skill level 13 in Maces & Flails
  4111 | D:5      | Found a shimmering altar of Xom.
  4421 | D:6      | Noticed Edmund
  4456 | D:6      | Found a shattered altar of Ashenzari.
  4511 | D:6      | Noticed grizfap's ghost (novice MiFi)
  4531 | D:6      | Killed grizfap's ghost
  4531 | D:6      | Reached skill level 14 in Maces & Flails
  4531 | D:6      | Reached XP level 9. HP: 70/70 MP: 8/8
  4671 | D:6      | Found a sacrificial altar of Ru.
  4902 | D:7      | Found Gyckuz's Assorted Antiques.
  4914 | D:7      | Bought a scroll labeled MUWNET MUSUDE for 25 gold pieces
  4914 | D:7      | Bought a grey potion for 22 gold pieces
  4914 | D:7      | Bought a murky emerald potion for 22 gold pieces
  5036 | D:7      | Reached skill level 5 in Fighting
  5168 | D:7      | Reached *** piety under Trog
  5615 | D:8      | Found Igruof's Assorted Antiques.
  5820 | D:8      | Found a staircase to the Lair.
  6171 | D:8      | Found an opulent altar of Gozag.
  6249 | D:8      | Found an iron altar of Okawaru.
  6250 | D:8      | Found a sparkling altar of Nemelex Xobeh.
  6251 | D:8      | Found a burning altar of Makhleb.
  6359 | D:9      | Noticed Poody's ghost (novice CeHu)
  6362 | D:9      | Reached XP level 10. HP: 93/93 MP: 9/9
  6362 | D:9      | Reached **** piety under Trog
  6368 | D:9      | Reached skill level 10 in Fighting
  6393 | D:9      | Killed Poody's ghost
  6393 | D:9      | Reached skill level 5 in Armour
  6406 | D:9      | Noticed Grum
  6418 | D:9      | Killed Grum
  7055 | D:9      | Noticed Psyche
  7068 | D:9      | Killed Psyche
  7191 | D:9      | Killed Edmund
  7468 | D:9      | Found a snail-covered altar of Cheibriados.
  7477 | D:9      | Found a shadowy altar of Dithmenos.
  7548 | D:9      | Reached XP level 11. HP: 93/104 MP: 10/10
  7750 | D:10     | Entered Level 10 of the Dungeon
  7990 | D:10     | Found a sparkling altar of Nemelex Xobeh.
  8019 | D:10     | Noticed Snorg
  8367 | D:10     | Killed Snorg
  8430 | D:10     | Gained mutation: You occasionally shout uncontrollably at your foes. [potion of mutation]
  8430 | D:10     | Gained mutation: You are dopey. (Int -2) [potion of mutation]
  8430 | D:10     | Gained mutation: Potions and wands are less effective at restoring your health. [potion of mutation]
  8431 | D:10     | Lost mutation: Potions and wands are less effective at restoring your health. [potion of cure mutation]
  8431 | D:10     | Lost mutation: You are dopey. (Int -2) [potion of cure mutation]
  8431 | D:10     | Lost mutation: You occasionally shout uncontrollably at your foes. [potion of cure mutation]
  8570 | D:10     | Got a wavering granite ring
  8572 | D:10     | Identified the ring of Ripnokk {rElec rF+ Int+3 Dex-3 SInv} (You found it on level 10 of the Dungeon)
  8580 | D:10     | Reached ***** piety under Trog
  8623 | D:10     | Reached skill level 10 in Armour
  8848 | D:11     | Noticed an unseen horror
  8855 | D:11     | Killed an unseen horror
  8916 | D:11     | Noticed Caphalor's ghost (journeyman GrFE)
  8919 | D:11     | Found a burning altar of Makhleb.
  8933 | D:11     | Killed Caphalor's ghost
  9620 | D:11     | Found a staircase to the Orcish Mines.
 10308 | D:12     | Reached XP level 12. HP: 47/116 MP: 11/11
 10822 | D:12     | Reached skill level 15 in Maces & Flails
 10823 | D:12     | Noticed a seven-headed hydra
 10840 | D:12     | Killed a seven-headed hydra
 11215 | D:12     | Received a gift from Trog
 11558 | D:13     | Noticed Rupert
 11578 | D:13     | Killed Rupert
 11726 | D:13     | Found a flagged portal.
 11733 | Bailey   | Entered a bailey
 11801 | Bailey   | Noticed SirMumm's ghost (novice DEWz)
 11826 | Bailey   | Killed SirMumm's ghost
 12573 | Bailey   | Found a roughly hewn altar of Beogh.
 12807 | D:13     | Found a glowing golden altar of the Shining One.
 12814 | D:13     | Reached skill level 15 in Fighting
 12850 | D:13     | Reached skill level 16 in Maces & Flails
 13082 | D:13     | Reached XP level 13. HP: 96/127 MP: 12/12
 13179 | D:13     | Noticed a centaur warrior
 13206 | D:13     | Killed a centaur warrior
 14344 | D:13     | Noticed a five-headed hydra
 14349 | D:13     | Killed a five-headed hydra
 14884 | D:14     | Found a snail-covered altar of Cheibriados.
 15019 | D:14     | Found a gate to the Vaults.
 15160 | D:14     | Noticed Sonja
 15176 | D:14     | Killed Sonja
 15435 | D:14     | Noticed grizfap's ghost (journeyman MiFi)
 15455 | D:14     | Killed grizfap's ghost
 15851 | D:15     | Entered Level 15 of the Dungeon
 15953 | D:15     | Reached skill level 17 in Maces & Flails
 16026 | D:15     | Received a gift from Trog
 16935 | D:15     | Reached XP level 14. HP: 138/138 MP: 13/13
 17051 | D:15     | Found a staircase to the Depths.
 17065 | D:15     | Reached skill level 15 in Armour
 17788 | Orc:1    | Entered Level 1 of the Orcish Mines
 18165 | Orc:2    | Reached ****** piety under Trog
 18280 | Orc:2    | Noticed Maud
 18300 | Orc:2    | Killed Maud
 18460 | Orc:2    | Found Dokhla's Jewellery Boutique.
 18630 | Orc:2    | Received a gift from Trog
 18995 | Orc:3    | Found a staircase to the Elven Halls.
 19154 | Orc:3    | Reached skill level 18 in Maces & Flails
 19211 | Orc:3    | Received a gift from Trog
 19335 | Orc:3    | Noticed Maurice
 19358 | Orc:3    | Killed Maurice
 19467 | Orc:3    | Found a roughly hewn altar of Beogh.
 19733 | Orc:4    | Entered Level 4 of the Orcish Mines
 19748 | Orc:4    | Received a gift from Trog
 20214 | Orc:4    | Noticed Josephine
 20236 | Orc:4    | Killed Josephine
 20536 | Orc:4    | Found an ancient bone altar of Kikubaaqudgha.
 20538 | Orc:4    | Noticed Nergalle
 20551 | Orc:4    | Killed Nergalle
 20554 | Orc:4    | Paralysed by an orc sorcerer for 4 turns
 20558 | Orc:4    | HP: 7/141 [ice devil[an orc sorcerer] (30)]
 20559 | Orc:4    | Slain by an ice devil

Action                   |  1- 3 |  4- 6 |  7- 9 | 10-12 | 13-15 || total
-------------------------+-------+-------+-------+-------+-------++-------
Melee: Flail             |    97 |   100 |   442 |   711 |   259 ||  1609
       Dire flail        |       |       |       |       |   740 ||   740
Throw: Tomahawk          |       |       |       |    13 |       ||    13
Invok: Burn Spellbooks   |       |       |     1 |     1 |     2 ||     4
       Berserk           |       |       |     1 |     4 |     1 ||     6
       Trog's Hand       |       |       |     1 |     4 |     1 ||     6
  Use: Scroll            |     7 |     2 |    13 |     7 |     8 ||    37
       Potion            |       |       |     3 |     3 |     4 ||    10
  Eat: Bread ration      |     1 |     1 |     1 |     4 |     4 ||    11
       Beef jerky        |       |       |     3 |     1 |     1 ||     5
       Pizza             |       |       |     1 |     1 |       ||     2
       Royal jelly       |       |       |       |     1 |     1 ||     2
       Meat ration       |       |       |       |     1 |     1 ||     2
